 Dungeon Crawl Stone Soup version 0.29-a0-664-gff9cad4a3d (webtiles) character file.

Game seed: 7020832846389344807

63 HoaS the Bolt Thrower (level 4, -8/26 HPs)
             Began as a Tengu Hunter on June 22, 2022.
             Mangled by a gnoll
             ... wielding a +0 flail
              (10 damage)
             ... on level 2 of the Dungeon.
             The game lasted 00:02:50 (1016 turns).

HoaS the Bolt Thrower (Tengu Hunter)                Turns: 1016, Time: 00:02:51

Health: -8/26      AC:  3    Str: 11    XL:     4   Next: 9%
Magic:  5/5        EV: 12    Int:  9    God:
Gold:   95         SH:  0    Dex: 20    Spells: 3/3 levels left

rFire   . . .      SeeInvis .   a - +2 hand crossbow
rCold   . . .      Faith    .   (no shield)
rNeg    . . .      Spirit   .   b - +0 leather armour
rPois   .          Reflect  .   (helmet restricted)
rElec   .          Harm     .   (no cloak)
rCorr   .          Rampage  .   (no gloves)
Will    .....                   (boots unavailable)
Stlth   ++........              (no amulet)
HPRegen 0.08/turn               (no ring)
MPRegen 0.09/turn               (no ring)

@: no status effects
A: beak, talons 3
a: no special abilities


You were on level 2 of the Dungeon.
You visited 1 branch of the dungeon, and saw 2 of its levels.

You collected 95 gold pieces.

Inventory:

Hand Weapons
 a - a +2 hand crossbow (weapon)
Missiles
 d - 2 throwing nets
Armour
 b - a +0 leather armour (worn)
Scrolls
 c - a scroll of immolation
Potions
 e - 2 potions of resistance
 g - a potion of mutation {unknown}
 h - a potion of curing {unknown}


   Skills:
 - Level 2.0 Fighting
 + Level 6.1 Crossbows
 - Level 2.1 Dodging
 - Level 1.0 Stealth


You had 3 spell levels left.
You didn't know any spells.
Your spell library contained the following spells:

 Spells                   Type           Power      Damage    Failure   Level
 Summon Small Mammal      Summ           0%         N/A       47%         1
 Call Canine Familiar     Summ           0%         N/A       85%         3
 Summon Guardian Golem    Hex/Summ       0%         N/A       85%         3


Dungeon Overview and Level Annotations

Branches:
Dungeon (2/15)

Altars:


Innate Abilities, Weirdness & Mutations

You have a beak for a mouth.
You have claws for feet.


Message History

The gnoll is almost dead.
The gnoll completely misses you.
You shoot a bolt.
The bolt hits the gnoll but does no damage.
The gnoll is almost dead.
The gnoll closely misses you. The gnoll hits you with a +0 flail!
* * * LOW HITPOINT WARNING * * *
You are too injured to fight recklessly!
You are too injured to fight recklessly!
You feel much better. The gnoll closely misses you.
You shoot a bolt.
The bolt hits the gnoll but does no damage.
The gnoll is almost dead.
The gnoll hits you with a +0 flail!
Ouch! That really hurt!
You are too injured to fight recklessly!
You are too injured to fight recklessly!
You are too injured to fight recklessly!
You are too injured to fight recklessly!
Shoot: a) +2 hand crossbow
Press: ? - help, Q - select action, (/) - cycle Shift-Dir - straight line, f/p - gnoll
Aim: a gnoll, wielding a +0 flail (almost dead, 70% to hit)
You shoot a bolt. The bolt hits the gnoll.
You kill the gnoll!
Your Crossbows skill increases to level 6!
You have reached level 4!
You feel agile.
Shoot: a) +2 hand crossbow
Press: ? - help, Q - select action, (/) - cycle Shift-Dir - straight line, f - gnoll
Aim: a gnoll, wielding a +0 flail (72% to hit)
You shoot a bolt. The bolt barely misses the gnoll.
The gnoll barely misses you.
Shoot: a) +2 hand crossbow
Press: ? - help, Q - select action, (/) - cycle Shift-Dir - straight line, f/p - gnoll
Aim: a gnoll, wielding a +0 flail (72% to hit)
You shoot a bolt. The bolt closely misses the gnoll.
The gnoll hits you with a +0 flail!
* * * LOW HITPOINT WARNING * * *
The gnoll hits you with a +0 flail!
You die...

......#.#####.##.....÷..........#
#.###.#....##...........8.⌠.8....
#.# #.#.###.####.....÷........###
..###..## ##............⌠._.⌠....
##.....# #.........##.......###
##.#..#####.###........8.⌠.8.###
#.#.#.##..####.######..........
#.#......).....# ########.##
#..........###@# #.#
###.#......[##g## #.#
#.............# ###
#.#.(.....##..# ##.##.....###..#
#..............# ##.####.......##
#.# ##†####.# #.# ##.## #...g....


You could see a gnoll.

Vanquished Creatures
  2 gnolls (D:2)
  2 bats (D:2)
  7 endoplasms
  2 giant cockroaches
  A goblin (D:1)
  3 hobgoblins (D:1)
  8 jackals
  3 kobolds (D:1)
  A quokka (D:2)
  A ball python (D:1)
  3 frilled lizards
  6 rats
39 creatures vanquished.

Notes
Turn   | Place    | Note
-------+----------+-------------------------------------------
     0 | D:1      | HoaS the Tengu Hunter began the quest for the Orb.
     0 | D:1      | Reached XP level 1. HP: 12/12 MP: 2/2
    66 | D:1      | Reached XP level 2. HP: 17/17 MP: 3/3
    99 | D:1      | Reached skill level 5 in Crossbows
   446 | D:1      | Reached XP level 3. HP: 21/21 MP: 4/4
   680 | D:2      | Found a faded altar of an unknown god.
  1015 | D:2      | Reached skill level 6 in Crossbows
  1015 | D:2      | Reached XP level 4. HP: 10/26 MP: 5/5
  1016 | D:2      | Mangled by a gnoll

Illustrated notes

Levels and vault maps discovered:
D:1:      lightli_arrival_noodles, layout_basic
D:2:      layout_loops_ring, hellmonk_ecumenical_altar_dog_temple,
          pf_guarded_unrand_woodcutter

Skill      XL: |  1  2  3 |
---------------+----------+-----
Crossbows      | 5 6 |  6.1
Fighting       | |  2.0
Dodging        | |  2.1
Stealth        | |  1.0

Action                   |  1- 3 |  4- 6 || total
-------------------------+-------+-------++-------
 Fire: Hand crossbow     |    80 |     2 ||    82
  Use: Scroll            |     5 |       ||     5
       Potion            |     2 |       ||     2
Armor: Leather armour    |     6 |       ||     6
Dodge: Dodged            |     9 |     1 ||    10

Table legend: (Time is in decaauts)
 A = Elapsed time spent in this place.
 B = Non-inter-level travel time spent in this place.
 C = Inter-level travel time spent in this place.
 D = Time resting spent in this place.
 E = Time spent auto-exploring this place.
 F = Levels seen in this place.
 G = Mean time per level.
                   A        B        C        D        E       F      G
               +--------+--------+--------+--------+--------+-----+--------+
         Total |   1038 |   1033 |      5 |     62 |    773 |   2 |  519.0 |
       Dungeon |   1038 |   1033 |      5 |     62 |    773 |   2 |  519.0 |
               +--------+--------+--------+--------+--------+-----+--------+

Top non-repeatable levels by time:
     D:1: 663 daAuts
     D:2: 374 daAuts
